 Dungeon Crawl Stone Soup version 0.31-a0-187-gba352fbbf7 (webtiles) character file.

Game seed: 16460228326614890861

87 qw the Shooter (level 4, -3/25 HPs)
             Began as a Deep Elf Hunter on June 22, 2023.
             Slain by a scorpion (7 damage)
             ... on level 4 of the Dungeon.
             The game lasted 00:00:47 (2160 turns).

qw the Shooter (Deep Elf Hunter)                    Turns: 2160, Time: 00:00:47

Health: -3/25      AC:  5    Str:  9 (10) XL:     4   Next: 28%
Magic:  6/6        EV: 11    Int: 12 (14) God:
Gold:   174        SH:  0    Dex: 18      Spells: 3/3 levels left

rFire   . . .        Y - +0 shortbow
rCold   . . .        (shield currently unavailable)
rNeg    . . .        f - +0 ring mail
rPois   .            (no helmet)
rElec   .            (no cloak)
rCorr   .            (no gloves)
SInv    .            (no boots)
Will    .....        (no amulet)
Stlth   +            (no ring)
HPRegen 0.24/turn    (no ring)
MPRegen 0.10/turn

%: no passive effects
@: lethally poisoned (-3 -> -10)
A: no striking features
a: no special abilities


You were on level 4 of the Dungeon.
You visited 1 branch of the dungeon, and saw 4 of its levels.

You collected 174 gold pieces.


   Skills:
 - Level 1.5 Fighting
 + Level 7.7 Ranged Weapons
 - Level 2.4 Dodging
 - Level 1.2 Stealth


You had 3 spell levels left.
You didn't know any spells.
Your spell library was empty.

Inventory:

Hand Weapons
 Y - a +0 shortbow (weapon)
Armour
 f - a +0 ring mail (worn)
Scrolls
 b - a scroll of vulnerability {unknown}
Potions
 a - a potion of berserk rage {unknown}
 c - a potion of brilliance {unknown}
 e - a potion of curing {unknown}
 h - a potion of mutation {unknown}

Dungeon Overview and Level Annotations

Branches:
Dungeon (4/15)
 Temple: D:4-7

Altars:
Fedhas
Kikubaaqudgha
Uskayaw

Shops:
D:1 (

Annotations:
D:3 3 runed translucent doors, qw's ghost, amateur DEHu


Message History

You shoot an arrow.
The arrow hits the scorpion but does no damage.
You shoot an arrow.
The arrow hits the scorpion but does no damage.
You shoot an arrow. The arrow barely misses the scorpion.
You shoot an arrow.
The arrow hits the scorpion but does no damage.
The scorpion barely misses you.
The scorpion stings you but does no damage.
You shoot an arrow.
The arrow hits the scorpion but does no damage.
The scorpion stings you.
You shoot an arrow. The arrow hits the scorpion.
The scorpion is moderately wounded.
The scorpion stings you.
You are poisoned.
The scorpion poisons you! The scorpion stings you.
You shoot an arrow. The arrow barely misses the scorpion.
You feel very sick. The scorpion stings you.
You are more poisoned.
The scorpion poisons you!
2157 ||| DRINKING potion of heal wounds.
You feel much better.
You feel very sick.
The scorpion stings you but does no damage.
You shoot an arrow. The arrow hits the scorpion.
The scorpion is heavily wounded.
You feel very sick.
The scorpion stings you but does no damage.
The scorpion barely misses you.
You shoot an arrow. The arrow closely misses the scorpion.
You feel very sick. The scorpion stings you.
You shoot an arrow.
The arrow hits the scorpion but does no damage.
The scorpion is heavily wounded.
You feel very sick. The scorpion stings you!
You die...

#.#.. #.#.#
##.#.# ##....#
#..#..#
#....#####
#.#......#
#.######%##.#.#
#.
#.@...%......
#.
#s###.##.####
#. #.# .. #.
#.# ## #. #.#
#. #.# #. #.#
#. .#


You could see a scorpion.

Vanquished Creatures
  4 adders
  A dart slug (D:4)
  4 ball pythons
  3 endoplasms
  3 giant cockroaches (D:3)
  7 goblins
  6 hobgoblins
  2 jackals (D:3)
  A quokka (D:1)
  4 bats
  A frilled lizard (D:1)
  6 kobolds
  6 rats
48 creatures vanquished.

Notes
Turn   | Place    | Note
-------+----------+-------------------------------------------
     0 | D:1      | qw the Deep Elf Hunter began the quest for the Orb.
     0 | D:1      | Reached XP level 1. HP: 12/12 MP: 3/3
     0 | D:1      | 0 ||| qw: Version: 0.3-a-9-g12657ce
     0 | D:1      | 0 ||| qw: Game counter: 2626
     0 | D:1      | 0 ||| qw: Always use a shield: true
     0 | D:1      | 0 ||| qw: God list: Okawaru
     0 | D:1      | 0 ||| qw: Allow faded altars: false
     0 | D:1      | 0 ||| qw: Do Orc after D:15 true
     0 | D:1      | 0 ||| qw: Do second Lair branch before Depths: true
     0 | D:1      | 0 ||| qw: Lair rune preference: random
     0 | D:1      | 0 ||| qw: Plans: Normal
     0 | D:1      | 0 ||| PLANNING D:1-11
   217 | D:1      | Reached skill level 6 in Ranged Weapons
   217 | D:1      | Reached XP level 2. HP: 16/16 MP: 4/4
   219 | D:1      | Found a faded altar of an unknown god.
   360 | D:1      | Found Vees's Antique Weapon Emporium.
   369 | D:1      | 369 ||| SHOPLISTING brightly glowing arbalest (209 gold,
                  | have 23).
   775 | D:1      | 775 ||| UPGRADING to +0 ring mail.
   785 | D:1      | 785 ||| DROPPING +0 leather armour.
   786 | D:1      | 786 ||| READING scroll labelled VOULIA QUCREPS.
   791 | D:1      | 791 ||| READING scroll labelled WUASOU MIACER.
   792 | D:1      | 792 ||| READING scroll labelled BITEHO OTZENO.
   793 | D:1      | 793 ||| DROPPING scroll of butterflies.
   829 | D:2      | Reached XP level 3. HP: 15/20 MP: 5/5
  1182 | D:2      | Identified the +6 whip of Unreason {flame, Str+4 Int+3}
  1244 | D:2      | 1244 ||| READING scroll labelled GYMOAG HUKK.
  1245 | D:2      | 1245 ||| READING scroll labelled QETWUH UCOUSY.
  1246 | D:2      | 1246 ||| DRINKING 2 green potions.
  1247 | D:2      | 1247 ||| DRINKING 2 lumpy grey potions.
  1248 | D:2      | 1248 ||| DROPPING potion of degeneration.
  1371 | D:3      | Reached skill level 7 in Ranged Weapons
  1387 | D:3      | Found a runed translucent gate.
  1387 | D:3      | Found a runed translucent gate.
  1387 | D:3      | Found a runed translucent gate.
  1399 | D:3      | Noticed a +0 falchion
  1399 | D:3      | Noticed a +0 dagger
  1399 | D:3      | Noticed a +0 short sword
  1401 | D:3      | Noticed a +0 falchion
  1401 | D:3      | Noticed a +0 short sword
  1402 | D:3      | Noticed a +0 spear
  1403 | D:3      | Found a hide-covered altar of Uskayaw.
  1403 | D:3      | Noticed a +0 spear
  1403 | D:3      | Noticed a +0 dagger
  1501 | D:3      | HP: 5/20 [poisoned by an adder]
  1575 | D:3      | Found a blossoming altar of Fedhas.
  1575 | D:3      | Found an ancient bone altar of Kikubaaqudgha.
  1636 | D:3      | Reached XP level 4. HP: 25/25 MP: 6/6
  1832 | D:3      | Noticed qw's ghost (amateur DEHu)
  2019 | D:3      | 2019 ||| DROPPING ring of wizardry.
  2149 | D:4      | Noticed a scorpion
  2156 | D:4      | HP: 6/25 [scorpion (4)]
  2157 | D:4      | 2157 ||| DRINKING potion of heal wounds.
  2160 | D:4      | Slain by a scorpion

Levels and vault maps discovered:
D:1:      heliophobic_arrival_glass_houses, layout_basic, serial_shops,
          nicolae_shop_tiny_waterfront, basic_ecumenical_altar
D:2:      layout_rooms, serial_bayou_pond_e, minmay_tree_intersection,
          minmay_pentomino_v4
D:3:      layout_basic, nicolae_uskayaw_en_pointe,
          grunt_temple_overflow_growth_and_decay, gammafunk_ghost_icy,
          minmay_misc_feat_x
D:4:      layout_loops_ring, mainiacjoe_overflow_paths,
          mainiacjoe_overflow_alcove_4, nicolae_overflow_hidden_temple,
          serial_shops, nicolae_diamond_shop, kennysheep_small_spiral,
          amcnicky_mini_corridor_feature, uniq_blork_the_orc

Skill      XL: |  1  2  3 |
---------------+----------+-----
Ranged Weapons | 6 7 |  7.7
Fighting       | |  1.5
Dodging        | |  2.4
Stealth        | |  1.2

Action                     |  1- 3 |  4- 6 || total
---------------------------+-------+-------++-------
   Fire: Shortbow          |   120 |    38 ||   158
    Use: Scroll            |     5 |       ||     5
         Potion            |     2 |     1 ||     3
 Armour: Leather armour    |     2 |       ||     2
         Ring mail         |    10 |     9 ||    19
  Dodge: Dodged            |    22 |     9 ||    31

Table legend:
 A = Non-vault XP
 B = Vault XP
 C = Vault XP percentage of total XP
 D = Non-vault monster count
 E = Vault monster count
 F = Vault count percentage of total count
                 A         B        C        D         E       F
            +---------+---------+-------+---------+---------+-------
      Total |     122 |       3 |   2.4 |      45 |       3 |   6.2
            +---------+---------+-------+---------+---------+-------
        D:1 |      27 |       0 |   0.0 |      16 |       0 |   0.0
        D:2 |      24 |       3 |  11.1 |       9 |       3 |  25.0
        D:3 |      65 |       0 |   0.0 |      18 |       0 |   0.0
        D:4 |       6 |       0 |   0.0 |       2 |       0 |   0.0
            +---------+---------+-------+---------+---------+-------
